 Dungeon Crawl Stone Soup version 0.29.1-15-g9cfb28693d (webtiles) character file.

Game seed: 4710939688517133088

41 dudediamond6 the Chiller (level 3, -1/26 HPs)
             Began as a Ghoul Ice Elementalist on Mar 1, 2023.
             Was a Follower of Cheibriados.
             Slain by a hobgoblin (3 damage)
             ... led by Robin
             ... on level 2 of the Dungeon.
             The game lasted 00:03:27 (2116 turns).

dudediamond6 the Chiller (Ghoul Ice Elementalist)   Turns: 2116, Time: 00:03:28

Health: -1/26      AC:  2    Str: 14    XL:     3   Next: 52%
Magic:  1/5        EV: 12    Int: 15    God:    Cheibriados [*.....]
Gold:   11         SH:  0    Dex: 12    Spells: 5/6 levels left

rFire   . . .      SeeInvis .   (no weapon)
rCold   + . .      Faith    .   (no shield)
rNeg    + + +      Spirit   .   a - +0 robe
rPois   ∞          Reflect  .   (no helmet)
rElec   .          Harm     .   (no cloak)
rCorr   .          Rampage  .   (no gloves)
Will    .....                   (no boots)
Stlth   ++........              (no amulet)
HPRegen 0.00/turn               (no ring)
MPRegen 0.09/turn               (no ring)

@: inhibited regen, very slow
A: claws 1, cold resistance 1, negative energy resistance 3, inhibited
regeneration, torment resistance 2, devour on kill
a: Renounce Religion, Bend Time


You were on level 2 of the Dungeon.
You worshipped Cheibriados.
Cheibriados was aware of your devotion.
You visited 1 branch of the dungeon, and saw 2 of its levels.

You collected 11 gold pieces.

Inventory:

Armour
 a - a +0 robe (worn)
Scrolls
 c - a scroll of fear {unknown}
 d - a scroll of magic mapping {unknown}
 f - a scroll of teleportation {unknown}
 h - a scroll of identify {unknown}
Potions
 b - a potion of magic
 e - a potion of might {unknown}
 g - a potion of flight {unknown}
 i - a potion of curing {unknown}


   Skills:
 + Level 2.2 Dodging
 + Level 2.4 Stealth
 + Level 0.6 Unarmed Combat
 * Level 2.3 Spellcasting
 + Level 4.7 Ice Magic


You had 5 spell levels left.
You knew the following spells:

 Your Spells              Type           Power      Damage    Failure   Level
a - Freeze                Ice            64%        1d8       3%          1

Your spell library contained the following spells:

 Spells                   Type           Power      Damage    Failure   Level
 Frozen Ramparts          Ice            32%        1d5       9%          3
 Ozocubu's Armour         Ice            16%        N/A       9%          3
 Hailstorm                Conj/Ice       8%         3d4       63%         4


Dungeon Overview and Level Annotations

Branches:
Dungeon (2/15)

Altars:
Cheibriados

Annotations:
D:2 Robin


Innate Abilities, Weirdness & Mutations

You are immune to poison.
You have sharp fingernails.
Your flesh is cold resistant. (rC+)
You are immune to negative energy. (rN+++)
You do not regenerate when monsters are visible.
You are immune to unholy pain and torment.
You thrive by killing the living.


Message History

You kill the hobgoblin!
Cheibriados appreciates the change of pace.
The hobgoblin shouts!
The goblin shouts!
You hear a shout!
You freeze the kobold!
You kill the kobold!
Cheibriados appreciates the change of pace.
Cheibriados raises the support of your attributes as your movement slows.
The goblin shoots a sling bullet.
The sling bullet closely misses you.
Robin roars a battlecry!
The goblins go into a battle-frenzy!
The goblin shoots a sling bullet.
The sling bullet hits you. Robin throws the goblin at you!
You scratch the goblin.
The goblin is severely wounded.
The goblin unwields a +0 sling.
The goblin wields a +0 club.
The goblin misses you. Robin throws the goblin at you!
The goblin barely misses you.
You scratch the goblin.
You kill the goblin!
Cheibriados appreciates the change of pace.
You feel better. The goblin attacks as you move away!
The goblin barely misses you. The goblin closely misses you.
Things that are here:
a +0 club; a +0 sling; a goblin corpse The goblin attacks as you move away!
The goblin hits you with a +0 quarterstaff. x2
You freeze the goblin!
You kill the goblin!
Cheibriados appreciates the change of pace.
You closely miss the hobgoblin. The hobgoblin misses you.
You scratch the hobgoblin but do no damage.
Your claw misses the hobgoblin. The hobgoblin hits you.
The hobgoblin attacks as you move away! The hobgoblin hits you.
* * * LOW HITPOINT WARNING * * *
The hobgoblin hits you.
* * * LOW HITPOINT WARNING * * *
Robin laughs in a distinctly smug fashion.
The hobgoblin attacks as you move away! The hobgoblin hits you.
You die...

......g..#### #..<#
....g.......# #.###
..g.......##### #.#
.......g....... #.###
........g..#### #...#
.........g..... #..##
...........#.#######.##
##....#....Sg#........#
###.##.#..#)##@#######
.. #.#..#g##g# ###
#!#..#.##g# #)##S######
#S)g......#
##.####.####.#
#.........##.#
#.......#.##.##
########......#


You could see Robin, an adder, a hobgoblin (strong) and a goblin (strong).

Vanquished Creatures
  4 dart slugs (D:1)
  4 endoplasms
  4 giant cockroaches (D:1)
  5 goblins
  4 hobgoblins
  3 kobolds
  A frilled lizard (D:1)
  3 rats (D:1)
28 creatures vanquished.

Vanquished Creatures (others)
  4 toadstools (D:1)
4 creatures vanquished.

Grand Total: 32 creatures vanquished

Notes
Turn   | Place    | Note
-------+----------+-------------------------------------------
     0 | D:1      | dudediamond6 the Ghoul Ice Elementalist began the quest for
                  | the Orb.
     0 | D:1      | Reached XP level 1. HP: 14/14 MP: 2/2
   303 | D:1      | Reached XP level 2. HP: 8/20 MP: 0/3
  1721 | D:1      | Reached XP level 3. HP: 22/26 MP: 2/5
  1937 | D:1      | Found a faded altar of an unknown god.
  1950 | D:1      | Prayed at the altar of an unknown god.
  1950 | D:1      | Became a worshipper of Cheibriados the Contemplative
  1950 | D:1      | Reached * piety under Cheibriados
  1989 | D:2      | Noticed Robin
  2116 | D:2      | Slain by a hobgoblin

Illustrated notes

Levels and vault maps discovered:
D:1:      ldierk_water_garden, layout_basic,
          hellmonk_ecumenical_altar_defaced_shrine
D:2:      layout_basic, basic_altar, st_stairs_11, feat_on_display, uniq_robin

Skill      XL: |  1  2 |
---------------+-------+-----
Dodging        | 2 |  2.2
Spellcasting   | 2 |  2.3
Stealth        | |  2.4
Unarmed Combat | |  0.6
Ice Magic      | |  4.7

Action                   || total
-------------------------++-------
Melee: Unarmed           ||    69
       Punch             ||     2
 Cast: Freeze            ||    33
Armor: Robe              ||    24
Dodge: Dodged            ||    74
